 Dungeon Crawl Stone Soup version 0.18-a0-1683-gf9322e6 (webtiles) character file.

53 namelastname112 the Slasher (level 3, 0/49 HPs)
             Began as a Draconian Berserker on Apr 3, 2016.
             Was a Believer of Trog.
             Succumbed to an adder's poison
             ... on level 2 of the Dungeon.
             The game lasted 00:01:39 (1211 turns).

namelastname112 the Slasher (Draconian Berserker)   Turns: 1211, Time: 00:01:40

Health: 0/49       AC:  5    Str: 24    XL:     3   Next: 64%
Magic:  3/3        EV: 12    Int:  7    God:    Trog [**....]
Gold:   48         SH:  0    Dex: 11    Spells: 0 memorised, 2 levels left

rFire  . . .     SeeInvis .     a - +0 falchion
rCold  . . .     Gourm    .     (armour unavailable)
rNeg   . . .     Faith    .     (no shield)
rPois  .         Spirit   .     (helmet restricted)
rElec  .         Dismiss  .     (no cloak)
rCorr  .         Reflect  .     (no gloves)
SustAt .         Harm     .     (no boots)
MR     .....                    (no amulet)
Stlth  ..........               (no ring)
                                (no ring)

@: berserking (expiring), lethally poisoned (0 -> -1), very quick, not resistant
to hostile enchantments, extremely unstealthy
A: unfitting armour, cold-blooded, AC +5
a: Berserk, Trog's Hand, Burn Spellbooks, Renounce Religion


You were on level 2 of the Dungeon.
You worshipped Trog.
Trog was pleased with you.
You were not hungry.

You visited 1 branch of the dungeon, and saw 2 of its levels.

You collected 48 gold pieces.

Inventory:

Hand Weapons
 a - a +0 falchion (weapon)
Scrolls
 c - a scroll of immolation {unknown}
 d - a scroll of blinking {unknown}
 f - a scroll of magic mapping {unknown}
Potions
 e - 2 potions of haste {unknown}
 h - a potion of degeneration {unknown}
Comestibles
 b - a bread ration


   Skills:
 + Level 3.7 Fighting
 * Level 4.1 Long Blades
 + Level 3.0 Dodging


You had 2 spell levels left.
You didn't know any spells.

Dungeon Overview and Level Annotations

Branches:
Dungeon (2/15)

Altars:


Innate Abilities, Weirdness & Mutations

Your plain brown scales are hard (AC +5).
Your body does not fit into most forms of armour.
You are cold-blooded and may be slowed by cold attacks.


Message History

* * * LOW HITPOINT WARNING * * *
The jackal barely misses you.
The giant newt bites you but does no damage.
You closely miss the adder. The adder bites you but does no damage.
The bat closely misses you. The goblin hits you but does no damage.
You barely miss the adder. The bat barely misses you.
The jackal barely misses you. The adder closely misses you.
The jackal bites you but does no damage.
The giant newt barely misses you.
You barely miss the adder. The bat closely misses you. The bat hits you.
* * * LOW HITPOINT WARNING * * *
The jackal misses you. The jackal bites you.
* * * LOW HITPOINT WARNING * * *
The adder barely misses you. The goblin closely misses you.
The giant newt misses you.
You slash the adder!
You kill the adder!
Trog accepts your kill.
Your Dodging skill increases to level 3!
You die...

#.. #.. # ##..
.## ... $.#
#.. ...#
#..##...###
####..b.......
#.....@gh.....
#...#hhl......
...
...h.....## #
...#.#......#
.......
.......
.......
....... ...
... .......
.#.?.##
.......


You could see 4 jackals, a goblin, a bat and a giant newt.

Vanquished Creatures
  2 adders (D:2)
  A worm (D:1)
  4 giant geckos (D:1)
  A bat (D:1)
  6 goblins (D:1)
  4 hobgoblins (D:1)
  5 jackals (D:1)
  A ball python (D:1)
  A rat (D:1)
25 creatures vanquished.

Notes
Turn   | Place    | Note
--------------------------------------------------------------
     0 | D:1      | namelastname112 the Draconian Berserker began the quest for the Orb.
     0 | D:1      | Reached XP level 1. HP: 19/19 MP: 1/1
   202 | D:1      | Reached XP level 2. HP: 11/26 MP: 2/2
   852 | D:1      | Reached ** piety under Trog
   862 | D:1      | Reached XP level 3. HP: 13/31 MP: 3/3
  1204 | D:2      | Reached skill level 4 in Long Blades
  1210 | D:2      | HP: 2/46 [bat (1)]
  1211 | D:2      | Succumbed to an adder's poison

Vault maps used:
D:1:      erik_arrival_cave_to_civilisation, hex_tiny
D:2:      lemuel_round_altar, nicolae_overflow_crystal_walls,
          minmay_goblin_outpost

Skill      XL: |  1  2  3 |
---------------+----------+-----
Long Blades    | 4 |  4.1
Dodging        | 3 |  3.0
Fighting       | |  3.7

Action                   || total
-------------------------++-------
Melee: Falchion          ||   106
Invok: Berserk           ||     3
 Stab: Sleeping          ||     1
  Eat: Chunk             ||     3
